 Dungeon Crawl Stone Soup version 0.29.1-12-g30fa7ad0bf (webtiles) character file.

Game seed: 8259824419214964362

2 hawla the Chiller (level 1, 0/14 HPs)
             Began as a Meteoran Ice Elementalist on Jan 3, 2023.
             Slain by an adder (2 damage)
             ... on level 2 of the Dungeon.
             The game lasted 00:00:46 (125 turns).

hawla the Chiller (Meteoran Ice Elementalist)        Turns: 125, Time: 00:00:47

Health: 0/14       AC:  2    Str:  9    XL:     1   Next: 57%
Magic:  2/5        EV: 12    Int: 16    God:
Gold:   12         SH:  0    Dex: 14    Spells: 4/5 levels left

rFire   . . .      SeeInvis .   (no weapon)
rCold   . . .      Faith    .   (no shield)
rNeg    . . .      Spirit   .   a - +0 robe
rPois   .          Reflect  .   (no helmet)
rElec   .          Harm     .   (no cloak)
rCorr   .          Rampage  .   (no gloves)
Will    .....                   (no boots)
Stlth   +.........              (no amulet)
HPRegen 0.04/turn               (no ring)
MPRegen 0.09/turn               (no ring)

@: lethally poisoned (0 -> -7), glowing
A: sense surroundings 1, otherworldly, glowing, explore regen
a: no special abilities


You were on level 2 of the Dungeon.
You visited 1 branch of the dungeon, and saw 2 of its levels.

You collected 12 gold pieces.

Inventory:

Armour
 a - a +0 robe (worn)
Potions
 b - a potion of magic
 c - a potion of cancellation {unknown}
 d - a potion of heal wounds {unknown}


   Skills:
 + Level 2.4 Dodging
 - Level 1.4 Stealth
 + Level 2.7 Spellcasting
 + Level 4.5 Ice Magic


You had 4 spell levels left.
You knew the following spells:

 Your Spells              Type           Power      Damage    Failure   Level
a - Freeze                Ice            64%        1d8       3%          1

Your spell library contained the following spells:

 Spells                   Type           Power      Damage    Failure   Level
 Frozen Ramparts          Ice            32%        1d5       9%          3
 Ozocubu's Armour         Ice            16%        N/A       9%          3
 Hailstorm                Conj/Ice       9%         3d4       58%         4


Dungeon Overview and Level Annotations

Branches:
Dungeon (2/15) Zot: 1074

Altars:


Innate Abilities, Weirdness & Mutations

You passively map a small area around you.
You are easily found by Zot.
You glow in the dark.
You regain HP and MP as you explore.


Message History

There is an escape hatch in the floor here.
You slide downwards.
The hatch slams shut behind you.
The adder hisses angrily.
The frilled lizard hisses angrily.
The ball python hisses angrily.
Found a shiny gold wand and 4 stones.
Found an escape hatch in the ceiling.
Found a stone staircase leading down.
Casting: Freeze (safe; 3% risk of failure)
Confirm with . or Enter, or press ? or * to list all spells.
Aiming: Freeze (safe; 3% risk of failure)
Press: ? - help, Shift-Dir - straight line, f - frilled lizard
Aim: a frilled lizard You freeze the frilled lizard.
You kill the frilled lizard!
The ball python bites you. The ball python grabs you.
The ball python constricts you.
Casting: Freeze (safe; 3% risk of failure)
Confirm with . or Enter, or press ? or * to list all spells.
Aiming: Freeze (safe; 3% risk of failure)
Press: ? - help, Shift-Dir - straight line, f - ball python
Aim: a ball python (constricting you)
You freeze the ball python.
The ball python is heavily wounded.
The ball python closely misses you. The ball python constricts you.
Casting: Freeze (safe; 3% risk of failure)
Confirm with . or Enter, or press ? or * to list all spells.
Aiming: Freeze (safe; 3% risk of failure)
Press: ? - help, Shift-Dir - straight line, f/p - ball python
Aim: a ball python (moderately wounded, constricting you)
You freeze the ball python.
You kill the ball python!
The adder bites you.
You are poisoned.
The adder poisons you! The adder attacks as you move away! The adder bites you.
* * * LOW HITPOINT WARNING * * *
You are more poisoned.
The adder poisons you!
Found 8 gold pieces.
* * * LOW HITPOINT WARNING * * *
You feel sick. The adder bites you.
You die...

#. , ....
*.## ...# .
.. #.#. .( ,
* #.
##...,..# ,,
#.##...#....
#........#..
*
#...........
#..S........
#..@.S......
,
#........##.,
, ##.......#
#...../...
#....#..>.. ,
#<...#.#.#.
#........., ,
#....$. . , *
,


You could see 2 adders.

Vanquished Creatures
  A ball python (D:2)
  A frilled lizard (D:2)
  A kobold (D:1)
3 creatures vanquished.

Notes
Turn   | Place    | Note
-------+----------+-------------------------------------------
     0 | D:1      | hawla the Meteoran Ice Elementalist began the quest for the
                  | Orb.
     0 | D:1      | Reached XP level 1. HP: 14/14 MP: 5/5
   125 | D:2      | Slain by an adder

Illustrated notes

Levels and vault maps discovered:
D:1:      mrwooster_arrival_statue_3, layout_basic, st_stairs_1,
          nrook_mini_backslash
D:2:      layout_basic, hellmonk_ecumenical_altar_blasted

Action                   || total
-------------------------++-------
 Cast: Freeze            ||     5
Dodge: Dodged            ||     1
